 Dungeon Crawl Stone Soup version 0.19-a0-462-g6140235 (webtiles) character file.

14380 Ordine the Basher (level 11, 10/97 HPs)
             Began as a Deep Dwarf Fighter on June 3, 2016.
             Was a Believer of Pakellas.
             Quit the game on level 2 of the Lair of Beasts.
             The game lasted 00:58:31 (10018 turns).

Ordine the Basher (Deep Dwarf Fighter)             Turns: 10018, Time: 00:58:32

Health: 10/97      AC: 22    Str: 20    XL:     11   Next: 88%
Magic:  4/19       EV:  7    Int:  9    God:    Pakellas [**....]
Gold:   475        SH:  5    Dex: 15    Spells: 0 memorised, 10 levels left

rFire  . . .     SeeInvis .     D - +2 flail (holy)
rCold  . . .     Gourm    .     z - +1 chain mail {rPois}
rNeg   . . .     Faith    .     x - +0 buckler
rPois  +         Spirit   .     L - +1 helmet
rElec  .         Dismiss  .     E - +2 cloak
rCorr  +         Reflect  .     (no gloves)
SustAt .         Harm     .     s - +2 pair of boots
MR     +....                    (no amulet)
Stlth  ..........               N - +2 ring of protection
                                G - ring of resist corrosion

@: non-regenerating, somewhat resistant to hostile enchantments, extremely
unstealthy
A: damage resistance, recharge devices, sense surroundings 2, slow regeneration
3
a: Device Recharging, Quick Charge, Renounce Religion


You were on level 2 of the Lair of Beasts.
You worshipped Pakellas.
Pakellas was pleased with you.
You were not hungry.

You visited 3 branches of the dungeon, and saw 12 of its levels.
You also visited: Volcano.

You collected 632 gold pieces.
You spent 157 gold pieces at shops.

Inventory:

Hand Weapons
 D - a +2 flail of holy wrath (weapon)
Armour
 c - a +0 shield
 s - a +2 pair of boots (worn)
 x - a +0 buckler (worn)
 z - a +1 chain mail of poison resistance (worn)
 B - a +2 ring mail of fire resistance
 E - a +2 cloak (worn)
 L - a +1 helmet (worn)
Jewellery
 l - the ring of Sloth {Fire MR+ Str-3 SInv}
   (You found it on level 5 of the Dungeon)

   [ring of fire]

   It enhances your fire magic, and weakens your ice magic.
   It affects your strength (-3).
   It protects you from fire.
   It makes you vulnerable to cold.
   It affects your resistance to hostile enchantments.
   It lets you see invisible.
 G - a ring of resist corrosion (left hand)
 J - a +3 ring of dexterity
 N - a +2 ring of protection (right hand)
Wands
 e - a wand of heal wounds (0/9)
 m - a wand of iceblast (4/15)
 u - a wand of enslavement (12/24)
 v - a wand of paralysis (12/24)
 w - a wand of flame (34/48)
 A - a wand of slowing (10/48)
 C - a wand of digging (6/24)
 F - a wand of polymorph (8/24)
 Q - a wand of acid (5/15)
 V - a wand of teleportation (7/9)
Scrolls
 a - 2 scrolls of recharging
 b - a scroll of noise
 k - 4 scrolls of magic mapping
 t - 4 scrolls of immolation
 y - 2 scrolls of enchant weapon
 O - a scroll of fog
 R - 3 scrolls of blinking
 T - a scroll of teleportation
 U - a scroll of remove curse
Potions
 d - a potion of might
 h - 2 potions of curing
 j - a potion of flight
 n - 4 potions of agility
 o - 3 potions of heal wounds
 q - a potion of invisibility
 I - a potion of brilliance
 K - 2 potions of haste
 S - a potion of resistance {unknown}
Books
 i - a book of Geomancy

   Spells                             Type                      Level
   a - Sandblast                      Earth                        1
   b - Passwall                       Transmutation/Earth          2
   c - Stone Arrow                    Conjuration/Earth            3
   d - Petrify                        Transmutation/Earth          4
   e - Lee's Rapid Deconstruction     Earth                        5
 P - a Young Poisoner's Handbook

   Spells                             Type                      Level
   a - Sting                          Conjuration/Poison           1
   b - Cure Poison                    Poison                       2
   c - Mephitic Cloud                 Conjuration/Poison/Air       3
   d - Olgreb's Toxic Radiance        Poison                       4
   e - Venom Bolt                     Conjuration/Poison           5
Miscellaneous
 M - a phantom mirror
Comestibles
 f - 9 bread rations
 g - 2 meat rations
 p - 7 royal jellies
 r - 6 beef jerkies
 H - 6 fruits


   Skills:
 + Level 6.3 Fighting
 - Level 14.0 Maces & Flails
 + Level 7.6 Armour
 - Level 5.0 Shields
 + Level 11.5 Evocations


You had 10 spell levels left.
You didn't know any spells.

Dungeon Overview and Level Annotations

Branches:
Dungeon (9/15)             Temple (1/1) D:4            Lair (2/8) D:8
    Orc (0/2) D:9

Altars:
Ashenzari
Cheibriados
Dithmenos
Elyvilon
Fedhas
Gozag
Hepliaklqana
Kikubaaqudgha
Makhleb
Nemelex Xobeh
Okawaru
Pakellas
Qazlal
Ru
Sif Muna
Trog
Uskayaw
Vehumet
Xom
Yredelemnul
Zin
The Shining One

Shops:
D:2 *   D:5 [


Innate Abilities, Weirdness & Mutations

You are resistant to damage.
You can recharge devices by infusing magical energy.
You passively map the area around you.
You do not regenerate naturally.


Message History

The iceblast engulfs the eight-headed hydra.
The eight-headed hydra is almost dead.
This wand has 4 charges left.
You hit the eight-headed hydra.
The eight-headed hydra is almost dead.
You thump the eight-headed hydra!
You kill the eight-headed hydra!
Pakellas accepts your kill.
You feel your power returning.
Eating a chunk of flesh.
This raw flesh tastes terrible.
You continue eating. x2
Done exploring.
You see here a hydra corpse.
There is a stone staircase leading up here.
You climb upwards.
There is a stone staircase leading down here.
There is a stone staircase leading down, spattered with blood here.
You climb downwards.
There is a stone staircase leading up, spattered with blood here.
Are you sure you want to abandon this character and quit the game? (Confirm with "yes".)

..................#......P.......
..................P......PP......
.................................
.................................
.......).........................
..###........................#...
..# ##...#...#.....#.........#P..
### #.#...#####..#.##.P.....##..
# ##########.@..##........P...
##.......#............
##....8....#...........
##...#####.........#.... ###
##...## ###....#.#...... ..#####
#...######.##...#..##....
...#..###...###....##......#.....
...#..+.....h....................
......#8.....8..>..8.....8..P...P


There were no monsters in sight!

Vanquished Creatures
  A hydra (Lair:2)
  A black mamba (Lair:2)
  Maurice (D:8)
  3 molten gargoyles (Volcano)
  A spiny frog (Lair:1)
  A queen bee (D:9)
  A two-headed ogre (D:7)
  Prince Ribbit (D:5)
  The ghost of MenacingMecha the Ruffian, an amateur TrMo (D:4)
  19 yaks
  A wyvern (D:9)
  Sigmund (D:3)
  2 fire elementals (Volcano)
  2 hippogriffs
  A basilisk (Lair:1)
  2 wargs
  3 water moccasins
  Duvessa (D:5)
  2 porcupines
  3 ice beasts
  A sky beast (D:5)
  4 orc warriors
  A black bear (D:7)
  2 phantoms
  3 ogres
  5 wolves
  4 centaurs
  A necrophage (D:8)
  A crocodile (Lair:2)
  2 big kobolds
  9 giant frogs
  2 earth elementals (Volcano)
  Dowan (D:5)
  A water moccasin zombie (D:7)
  2 scorpions
  21 killer bees
  3 wights (D:8)
  5 howler monkeys
  2 crimson imps
  2 giant frog zombies (D:9)
  A quasit (D:6)
  2 centaur zombies
  A lava snake (Volcano)
  8 jellies
  A hound (D:4)
  4 orc priests
  2 centaur skeletons
  An iguana (Lair:1)
  14 orc wizards
  10 worker ants
  A hound zombie (D:5)
  A hound skeleton (D:6)
  A gnoll (D:1)
  A howler monkey skeleton (D:8)
  15 adders
  20 river rats (Lair:1)
  A shadow imp (D:6)
  An ooze (D:4)
  An adder skeleton (D:8)
  3 dart slugs
  6 giant geckos
  28 orcs
  9 giant cockroaches
  11 goblins
  10 hobgoblins
  6 jackals
  20 kobolds
  6 quokkas
  5 ball pythons
  4 bats
  2 giant gecko zombies
  4 giant newts
  4 rats
324 creatures vanquished.

Vanquished Creatures (others)
  A fire vortex (Volcano)
  2 fungi (Lair:2)
3 creatures vanquished.

Grand Total: 327 creatures vanquished

Notes
Turn   | Place    | Note
--------------------------------------------------------------
     0 | D:1      | Ordine the Deep Dwarf Fighter began the quest for the Orb.
     0 | D:1      | Reached XP level 1. HP: 20/20 MP: 1/1
   362 | D:1      | Reached XP level 2. HP: 21/27 MP: 2/2
   420 | D:1      | Reached skill level 3 in Maces & Flails
   547 | D:1      | Reached XP level 3. HP: 14/33 MP: 3/3
   856 | D:2      | Found a radiant altar of Vehumet.
   880 | D:2      | Reached skill level 4 in Maces & Flails
   932 | D:2      | Found a glowing silver altar of Zin.
   933 | D:2      | Found Zin's Purification Station.
  1260 | D:2      | Found an iron altar of Okawaru.
  1521 | D:2      | Found a hazy altar of Hepliaklqana.
  1640 | D:3      | Reached XP level 4. HP: 24/40 MP: 4/4
  1732 | D:3      | Noticed Sigmund
  1745 | D:3      | Killed Sigmund
  1745 | D:3      | Reached skill level 6 in Maces & Flails
  1745 | D:3      | Reached XP level 5. HP: 18/46 MP: 5/5
  1865 | D:3      | Reached XP level 6. HP: 40/55 MP: 6/6
  2162 | D:4      | Noticed MenacingMecha's ghost (amateur TrMo)
  2176 | D:4      | Killed MenacingMecha's ghost
  2176 | D:4      | Reached skill level 7 in Maces & Flails
  2237 | D:4      | Reached XP level 7. HP: 28/61 MP: 7/7
  2336 | D:4      | Found a staircase to the Ecumenical Temple.
  2346 | D:4      | Reached skill level 8 in Maces & Flails
  2356 | Temple   | Entered the Ecumenical Temple
  2684 | D:4      | Reached skill level 9 in Maces & Flails
  2832 | D:4      | Found a radiant altar of Vehumet.
  2981 | D:5      | Entered Level 5 of the Dungeon
  3024 | D:5      | Reached XP level 8. HP: 68/68 MP: 8/8
  3157 | D:5      | Noticed Prince Ribbit
  3184 | D:5      | Got a fine steel ring
  3331 | D:5      | Found Tuuscheat's Antique Armour Emporium.
  3340 | D:5      | Bought a runed chain mail for 157 gold pieces
  3391 | D:5      | Found a hazy altar of Hepliaklqana.
  3406 | D:5      | Noticed Duvessa
  3406 | D:5      | Noticed Dowan
  3410 | D:5      | Killed Duvessa
  3413 | D:5      | Killed Dowan
  3413 | D:5      | Reached skill level 10 in Maces & Flails
  3926 | D:5      | Reached skill level 5 in Shields
  3929 | D:5      | Killed Prince Ribbit
  3967 | D:6      | Identified the ring of Sloth {Fire MR+ Str-3 SInv} (You found it on level 5 of the Dungeon)
  4133 | D:6      | Found a shadowy altar of Dithmenos.
  4133 | D:6      | Found a white marble altar of Elyvilon.
  4135 | D:6      | Found a sacrificial altar of Ru.
  4169 | D:6      | Reached skill level 11 in Maces & Flails
  4205 | D:6      | Found an oddly glowing altar of Pakellas.
  4209 | D:6      | Became a worshipper of Pakellas the Inventive
  4245 | D:6      | Reached skill level 1 in Evocations
  4327 | D:6      | Gained mutation: You passively map the area around you. [Deep Dwarf growth]
  4327 | D:6      | Reached XP level 9. HP: 24/74 MP: 8/10
  5128 | D:7      | Reached * piety under Pakellas
  5128 | D:7      | Received a gift from Pakellas
  5316 | D:7      | Reached skill level 12 in Maces & Flails
  5810 | D:7      | Reached skill level 5 in Evocations
  5948 | D:8      | Found a staircase to the Lair.
  6019 | D:7      | Reached XP level 10. HP: 37/81 MP: 3/14
  6029 | D:7      | HP: 1/81 [orc warrior/battleaxe (6)]
  6201 | D:8      | Reached skill level 13 in Maces & Flails
  6284 | D:8      | Noticed Maurice
  6296 | D:8      | Killed Maurice
  6731 | D:8      | Reached ** piety under Pakellas
  6731 | D:8      | Received a gift from Pakellas
  6807 | D:8      | Found a bloodstained altar of Trog.
  6889 | D:9      | Found a deep blue altar of Sif Muna.
  6932 | D:9      | Found a staircase to the Orcish Mines.
  7058 | D:9      | Found a burning altar of Makhleb.
  7283 | D:9      | Reached skill level 14 in Maces & Flails
  7781 | Lair:1   | Entered Level 1 of the Lair of Beasts
  7790 | Lair:1   | Noticed a spiny frog
  7805 | Lair:1   | Killed a spiny frog
  7810 | Lair:1   | Reached XP level 11. HP: 17/91 MP: 4/18
  8069 | Lair:1   | Reached skill level 5 in Armour
  8199 | Lair:1   | Reached *** piety under Pakellas
  8199 | Lair:1   | Received a gift from Pakellas
  8576 | Lair:1   | Reached skill level 10 in Evocations
  8860 | Lair:2   | Reached skill level 5 in Fighting
  9114 | Lair:2   | Found a dark tunnel.
  9130 | Volcano  | Entered a volcano
  9382 | Volcano  | Found a bloodstained altar of Trog.
  9905 | Lair:2   | Noticed an eight-headed hydra
  9912 | Lair:2   | Killed an eight-headed hydra
 10018 | Lair:2   | Quit the game

Vault maps used:
D:1:      dpeg_arrival_simpleton_b
D:2:      lemuel_coloured_pillars_altar, zin_purify, old_standard_altar,
          kennysheep_okawaru_gauntlet
D:3:      uniq_sigmund
D:4:      minmay_temple_entry_glass, grunt_ministairs_13,
          minmay_misc_feat_alley, vehumet_altar_wand_db
D:5:      basic_altar, first_bread, serial_shops, shop, uniq_prince_ribbit1,
          uniq_duvessa
D:6:      grunt_pakellas_basics, gammafunk_temple_overflow_forgotten
D:8:      overflow_temple_1_default, erik_lair_orcish_takeover, uniq_maurice
D:9:      kennysheep_mini_moat, lemuel_round_altar, orc_0_dummy, david_nohive_1
Temple:   eino_temple_water_12
Lair:1:   guppyfry_lair_drakes
Lair:2:   enter_volcano_2, serial_bayou_shore_b, grunt_megastairs_5
Volcano:  volcano_lake

Skill      XL: |  1  2  3  4  5  6  7  8  9 10 11 |
---------------+----------------------------------+-----
Maces & Flails | 3 4 6 7 9 11 12 14 | 14.0
Shields        | 5 |  5.0
Evocations     | 1 6 9 11 | 11.5
Fighting       | 3 6 |  6.3
Armour         | 4 7 |  7.6

Action                   |  1- 3 |  4- 6 |  7- 9 | 10-12 || total
-------------------------+-------+-------+-------+-------++-------
Melee: Flail             |   172 |   110 |   577 |   830 ||  1689
Invok: Quick Charge      |       |       |     7 |    27 ||    34
Evoke: Wand              |     2 |     2 |    16 |    35 ||    55
  Use: Scroll            |     7 |     3 |    10 |    12 ||    32
       Potion            |     1 |     2 |     8 |     2 ||    13
 Stab: Paralysed         |       |       |       |    16 ||    16
       Distracted        |       |       |       |     1 ||     1
  Eat: Chunk             |     2 |     4 |    14 |     8 ||    28
       Meat ration       |       |       |       |     1 ||     1
       Fruit             |       |       |       |     2 ||     2
Armor: Scale mail        |    97 |    42 |    72 |       ||   211
       Skin              |       |       |     7 |       ||     7
       Chain mail        |       |       |   228 |   385 ||   613
       Ring mail         |       |       |       |    10 ||    10
Dodge: Dodged            |    99 |    47 |   172 |   260 ||   578
Block: Buckler           |       |       |   118 |   158 ||   276
